 Dungeon Crawl Stone Soup version 0.30-a0-390-g80c34de65d (webtiles) character file.

Game seed: 7960981191003919260

37 spardeous the Ducker (level 3, -2/15 HPs)
             Began as a Felid Transmuter on Dec 4, 2022.
             Slain by an adder (3 damage)
             ... on level 2 of the Dungeon.
             The game lasted 00:03:11 (1508 turns).

spardeous the Ducker (Felid Transmuter)             Turns: 1508, Time: 00:03:12

Health: -2/15      AC:  1    Str:  6    XL:     3   Next: 23%
Magic:  2/7        EV: 19    Int: 14    God:
Gold:   68         SH:  0    Dex: 18    Spells: 2/6 levels left
                                        Lives:  0   Deaths: 0

rFire   . . .      SeeInvis +      - Unarmed
rCold   . . .      Faith    .    (shield unavailable)
rNeg    . . .      Spirit   .    (body armour unavailable)
rPois   .          Reflect  .    (helmet unavailable)
rElec   .          Harm     .    (cloak unavailable)
rCorr   .          Rampage  .    (gloves unavailable)
Will    .....                    (boots unavailable)
Stlth   ++........               (no amulet)
HPRegen 0.22/turn                (no ring)
MPRegen 0.10/turn                (no ring)

@: lethally poisoned (-2 -> -7), quick
A: very small, claws 1, fangs 3, see invisible, speed 1, shaggy fur 1, stealthy
paws, no weapons or thrown items, no armour, multi-lived
a: no special abilities


You were on level 2 of the Dungeon.
You visited 1 branch of the dungeon, and saw 2 of its levels.

You collected 68 gold pieces.

Inventory:

Jewellery
 h - the ring "Cakh" {rF+ rC+ Will- EV+4 Str+4}
   (You found it on level 2 of the Dungeon)

   [ring of evasion]

   EV:        It affects your evasion (+4).
   Str:       It affects your strength (+4).
   rF:        It protects you from fire.
   rC:        It protects you from cold.
   Will:      It decreases your willpower.
Scrolls
 b - a scroll of torment {unknown}
 c - a scroll of butterflies {unknown}
 e - 2 scrolls of identify {unknown}
 f - a scroll of immolation {unknown}
 g - 2 scrolls of teleportation {unknown}
 i - a scroll of poison {unknown}
 j - a scroll of enchant armour {unknown}
Potions
 a - a potion of lignification
 d - 2 potions of mutation {unknown}


   Skills:
 - Level 1.0 Fighting
 + Level 4.0 Dodging
 - Level 3.0 Unarmed Combat
 - Level 2.0 Spellcasting
 + Level 3.3 Transmutations


You had 2 spell levels left.
You knew the following spells:

 Your Spells              Type           Power      Damage    Failure   Level
a - Beastly Appendage     Tmut           20%        N/A       6%          1
b - Spider Form           Tmut/Pois      6%         N/A       36%         3

Your spell library contained the following spells:

 Spells                   Type           Power      Damage    Failure   Level
 Wereblood                Tmut           10%        N/A       10%         2
 Magic Dart               Conj           4%         1d3       24%         1
 Call Imp                 Summ           1%         N/A       34%         2
 Mephitic Cloud           Conj/Pois/Air  1%         N/A       56%         3
 Ice Form                 Ice/Tmut       6%         N/A       77%         4


Dungeon Overview and Level Annotations

Branches:
Dungeon (2/15)

Altars:

Shops:
D:1 ?


Innate Abilities, Weirdness & Mutations

You have sharp claws.
You have razor-sharp teeth.
You have supernaturally acute eyesight. (SInv)
You cover ground quickly. (Speed+)
You are covered in fur. (AC +1)
Your paws help you pounce on unaware monsters.
You are incapable of wielding weapons or throwing items.
You cannot wear armour.
You gain extra lives every three experience levels.


Message History

Nothing appears to happen.
Casting: Spider Form (astonishingly dangerous; 36% risk of failure)
Confirm with . or Enter, or press ? or * to list all spells.
The spell is astonishingly dangerous to miscast (36% risk of failure)!
Continue anyway?
You turn into a venomous arachnid creature.
You see here a +0 plate armour.
Your transformation is almost over.
Your magical contamination has completely faded away.
What are your orders? t - Hiss!
Orders for allies: a - Attack new target. r - Retreat! s - Stop attacking. g - Guard the area. f - Follow me.
Anything else - Cancel.
You hiss for attention!
The adder hisses angrily.
The adder completely misses you.
You barely miss the adder. The adder bites you.
You are lethally poisoned!
The adder poisons you!
You hit the adder.
The adder is poisoned.
The adder is lightly wounded.
You feel very sick. The adder closely misses you.
You hit the adder.
The adder looks as sick as possible!
The adder is lightly wounded.
You feel sick. The adder completely misses you. The adder bites you.
* * * LOW HITPOINT WARNING * * *
You are too injured to fight recklessly!
You are too injured to fight recklessly!
You closely miss the adder.
The adder is moderately wounded.
* * * LOW HITPOINT WARNING * * *
You feel sick. The adder bites you but does no damage.
Okay, then.
You barely miss the adder.
The adder is moderately wounded.
Your transformation has ended.
* * * LOW HITPOINT WARNING * * *
You feel sick. The adder bites you.
You die...

..............#......#.......####
...........####.....##.####.##
...........####.....##......#
.....................#..##..#####
.....................#...#..#.[.#
.........................#..#.#.#
..............................#.#
............[###.S.........#....#
......####...###@.....##.........
..........................#.#####
.#..[......#...........#..#.....#
+#.........#..........<#..#......
...........##.........(#..#.#.#.#
.....#.#...##.............#.#.#.#
..........................#...#..
..........................#######
............................# #


You could see an adder (extremely poisoned).

Vanquished Creatures
  2 dart slugs (D:2)
  3 endoplasms (D:2)
  4 goblins (D:1)
  2 hobgoblins (D:1)
  6 kobolds
  4 ball pythons
  7 bats
  A rat (D:1)
29 creatures vanquished.

Notes
Turn   | Place    | Note
-------+----------+-------------------------------------------
     0 | D:1      | spardeous the Felid Transmuter began the quest for the Orb.
     0 | D:1      | Reached XP level 1. HP: 9/9 MP: 4/4
    98 | D:1      | Reached skill level 3 in Dodging
   159 | D:1      | Reached XP level 2. HP: 12/12 MP: 4/6
   319 | D:1      | Found Jypnoir's Magic Scroll Boutique.
  1146 | D:2      | Identified the ring "Cakh" {rF+ rC+ Will- EV+4 Str+4}
  1198 | D:2      | Reached XP level 3. HP: 15/15 MP: 5/7
  1202 | D:2      | Learned a level 3 spell: Spider Form
  1361 | D:2      | Reached skill level 4 in Dodging
  1508 | D:2      | Slain by an adder

Illustrated notes

Levels and vault maps discovered:
D:1:      eino_arrival_water_star, layout_basic, serial_shops, shop_fountains,
          minmay_tree_intersection
D:2:      layout_basic

Skill      XL: |  1  2  3 |
---------------+----------+-----
Dodging        | 3 4 |  4.0
Transmutations | 3 |  3.3
Fighting       | |  1.0
Unarmed Combat | |  3.0
Spellcasting   | |  2.0

Action                   || total
-------------------------++-------
Melee: Unarmed           ||    69
       Headbutt          ||     8
       Bite              ||     5
       Punch             ||     2
 Cast: Beastly Appendage ||    26
       Spider Form       ||     1
 Stab: Sleeping          ||     3
Armor: Skin              ||    11
Dodge: Dodged            ||    54

Table legend: (Time is in decaauts)
 A = Elapsed time spent in this place.
 B = Non-inter-level travel time spent in this place.
 C = Inter-level travel time spent in this place.
 D = Time resting spent in this place.
 E = Time spent auto-exploring this place.
 F = Levels seen in this place.
 G = Mean time per level.
                   A        B        C        D        E       F      G
               +--------+--------+--------+--------+--------+-----+--------+
         Total |   1277 |   1211 |     66 |     24 |    881 |   2 |  638.5 |
       Dungeon |   1277 |   1211 |     66 |     24 |    881 |   2 |  638.5 |
               +--------+--------+--------+--------+--------+-----+--------+

Top non-repeatable levels by time:
     D:1: 696 daAuts
     D:2: 580 daAuts
